 Dungeon Sprint DCSS version 0.19-a0-1933-g052ff51 (webtiles) character file.

9213 Psiweapon the Stickfighter (level 11, -15/97 HPs)
             Began as a Formicid Fighter on Oct 26, 2016.
             Was a High Priest of Okawaru.
             Demolished by an orc knight
             ... wielding a +0 battleaxe
              (33 damage)
             ... in the Dungeon (Sprint IX: "|||||||||||||||||||||||||||||").
             The game lasted 00:10:41 (1752 turns).

Psiweapon the Stickfighter (Formicid Fighter)       Turns: 1752, Time: 00:10:42

Health: -15/97     AC: 13    Str: 24    XL:     11   Next: 70%
Magic:  14/15      EV: 17    Int: 11    God:    Okawaru [*****.]
Gold:   1200       SH: 14    Dex: 10    Spells: 0 memorised, 10 levels left

rFire  . . .     SeeInvis +     r - +4 quarterstaff (speed)
rCold  . . .     Gourm    .     E - +2 ring mail of the Game of Kings {Slay+4}
rNeg   . . .     Faith    .     c - +0 shield
rPois  .         Spirit   .     (helmet unavailable)
rElec  .         Reflect  .     I - +0 cloak
rCorr  .         Harm     .     H - +0 pair of gloves (curse)
MR     +....                    t - +0 pair of boots
Stlth  ++........               (no amulet)
                                w - +3 ring of intelligence
                                v - +2 ring of evasion

@: very slow
A: permanent stasis, dig shafts and tunnels, four strong arms, antennae 3
a: Dig, Heroism, Finesse, Renounce Religion


You were in the Dungeon.
You worshipped Okawaru.
Okawaru was extremely pleased with you.
You were very full.

You visited 1 branch You collected 1200 gold pieces.

Inventory:

Hand Weapons
 a - a cursed +0 quarterstaff
 r - a +4 quarterstaff of speed (weapon)
 s - a +2 halberd of protection
 x - a +0 dire flail
 y - the +12 war axe "Rotoel" {speed, *Rage rC+++ Int+3 Dex-3}
   (You found it in the Dungeon)

   Attacks with this weapon are significantly faster.
   It affects your intelligence (+3).
   It affects your dexterity (-3).
   It renders you almost immune to cold.
   It may make you go berserk in combat.
Missiles
 b - 4 javelins
 D - 5 tomahawks (quivered)
Armour
 c - a +0 shield (worn)
 t - a +0 pair of boots (worn)
 E - the +2 ring mail of the Game of Kings (worn) {Slay+4}
   (Okawaru gifted it to you in the Dungeon)

   It affects your accuracy and damage with ranged weapons and melee attacks
   (+4).
 H - a cursed +0 pair of gloves (worn)
 I - a +0 cloak (worn)
Magical Staves
 q - an uncursed staff of energy
Jewellery
 v - a +2 ring of evasion (left hand)
 w - a +3 ring of intelligence (right hand)
Wands
 p - a wand of lightning (4/15)
Scrolls
 k - 3 scrolls of blinking
 l - a scroll of recharging
 n - 3 scrolls of remove curse
 o - 2 scrolls of amnesia
 A - 2 scrolls of enchant armour
 B - a scroll of fear
Potions
 d - a potion of might
 e - 5 potions of curing
 g - 3 potions of heal wounds
 h - a potion of haste
 i - 4 potions of magic
 j - a potion of berserk rage
 m - a potion of invisibility
 z - a potion of cure mutation
Comestibles
 f - 12 bread rations
 F - 40 fruits
 G - 11 meat rations


   Skills:
 + Level 12.8 Fighting
 + Level 2.4 Axes
 + Level 15.7 Staves
 + Level 10.1 Armour
 + Level 9.1 Dodging
 + Level 3.9 Stealth
 + Level 14.9 Shields
 + Level 6.4 Invocations
 + Level 0.7 Evocations


You had 10 spell levels left.
You didn't know any spells.

Dungeon Overview and Level Annotations

Branches:
Dungeon (1/1)

Altars:
Cheibriados
Dithmenos
Elyvilon
Fedhas
Gozag
Hepliaklqana
Kikubaaqudgha
Makhleb
Nemelex Xobeh
Okawaru
Qazlal
Ru
Sif Muna
Trog
Uskayaw
Vehumet
Xom
Yredelemnul
Zin
The Shining One
Beogh
Jiyva
Lugonu

Shops:
D **


Innate Abilities, Weirdness & Mutations

You are under a permanent stasis effect.
You can dig through walls and to a lower floor.
Your four strong arms can wield two-handed weapons with a shield.
You have a pair of large antennae on your head. (SInv)


Message History

The orc knight goes into a battle-frenzy!
You see here a flail.
Items here: )) [[ a dagger; a robe; a morningstar; a ring mail The orc knight no longer looks unusually strong.
The orc knight roars a battlecry!
The orc knight goes into a battle-frenzy!
Things that are here:
a hand axe; a chain mail; a leather armour The orc knight roars a battlecry!
Things that are here:
a hand axe; a plate armour The orc knight no longer looks unusually strong.
The orc knight roars a battlecry!
The orc knight goes into a battle-frenzy!
There is an open door to the Orcish Mines, spattered with blood here.
Things that are here:
a long sword; a plate armour The orc knight hits you with a battleaxe!!
You die...

____________'.....'.....)...<▓
▓▓▓▓▓▓▓▓▓▓▓▓▓▓▓▓▓▓▓▓▓▓▓▓▓▓▓▓▓▓
.............................▓
▓▓▓▓▓▓▓▓▓▓▓▓▓▓▓▓▓▓▓▓▓▓▓▓▓▓▓▓.▓
.....÷.†.......(.....'.......▓
▓▓▓▓▓▓▓▓▓▓▓▓▓▓▓▓▓▓▓▓▓▓▓▓▓▓▓▓▓▓
.............................▓
▓▓▓▓▓▓▓▓▓▓▓▓▓▓▓▓▓▓▓▓▓▓▓▓▓▓▓▓.▓
)'o....))o)o)o.o@............▓
▓▓▓▓▓▓▓▓▓▓▓▓▓▓▓▓▓▓▓▓▓▓▓▓▓▓▓▓▓▓
{ {


You could see 4 orc knights.

Vanquished Creatures
  A hydra (D)
  Urug (D)
  An orc sorcerer (D)
  3 orc knights (D)
  A manticore (D)
  A black mamba (D)
  3 spiny frogs (D)
  A gargoyle (D)
  2 komodo dragons (D)
  A two-headed ogre (D)
  2 polar bears (D)
  A hippogriff (D)
  Eustachio (D)
  A basilisk (D)
  2 porcupines (D)
  2 water moccasins (D)
  7 black bears (D)
  10 orc warriors (D)
  2 crocodiles (D)
  A big kobold (D)
  5 bullfrogs (D)
  A hound (D)
  5 orc priests (D)
  3 orc wizards (D)
  2 worker ants (D)
  An iguana (D)
  2 adders (D)
  6 orcs (D)
  A bat (D)
  A bat skeleton (D)
  A giant cockroach (D)
  A goblin (D)
  A quokka (D)
  A frilled lizard (D)
  A giant cockroach zombie (D)
  A rat (D)
77 creatures vanquished.

Notes
Turn   | Place    | Note
-------+----------+-------------------------------------------
     0 | D        | Psiweapon the Formicid Fighter began the quest for the Orb.
     0 | D        | Reached XP level 1. HP: 18/18 MP: 1/1
    48 | D        | Noticed a hound
    51 | D        | Killed a hound
    51 | D        | Reached skill level 3 in Staves
    51 | D        | Reached skill level 5 in Shields
    51 | D        | Reached XP level 2. HP: 26/26 MP: 2/2
    51 | D        | Reached XP level 3. HP: 31/31 MP: 3/3
    59 | D        | Reached skill level 5 in Fighting
    59 | D        | Reached skill level 4 in Staves
    59 | D        | Reached XP level 4. HP: 39/39 MP: 4/4
   105 | D        | Found a roughly hewn altar of Beogh.
   105 | D        | Found a snail-covered altar of Cheibriados.
   105 | D        | Found a shadowy altar of Dithmenos.
   105 | D        | Found a white marble altar of Elyvilon.
   105 | D        | Found a blossoming altar of Fedhas.
   105 | D        | Found an opulent altar of Gozag.
   106 | D        | Found a hazy altar of Hepliaklqana.
   107 | D        | Found a viscous altar of Jiyva.
   110 | D        | Found an ancient bone altar of Kikubaaqudgha.
   111 | D        | Became a worshipper of Cheibriados the Contemplative
   112 | D        | Found a corrupted altar of Lugonu.
   113 | D        | Found a burning altar of Makhleb.
   114 | D        | Found a sparkling altar of Nemelex Xobeh.
   115 | D        | Found an iron altar of Okawaru.
   116 | D        | Found a stormy altar of Qazlal.
   117 | D        | Found a sacrificial altar of Ru.
   118 | D        | Found a deep blue altar of Sif Muna.
   119 | D        | Found a bloodstained altar of Trog.
   120 | D        | Found a hide-covered altar of Uskayaw.
   121 | D        | Found a radiant altar of Vehumet.
   122 | D        | Found a shimmering altar of Xom.
   123 | D        | Found a basalt altar of Yredelemnul.
   124 | D        | Found a glowing silver altar of Zin.
   125 | D        | Found a glowing golden altar of the Shining One.
   161 | D        | Fell from the grace of Cheibriados
   161 | D        | Became a worshipper of Warmaster Okawaru
   210 | D        | Noticed a hippogriff
   210 | D        | Noticed a gargoyle
   210 | D        | Noticed a bullfrog
   210 | D        | Noticed a two-headed ogre
   218 | D        | Killed a two-headed ogre
   218 | D        | Reached * piety under Okawaru
   218 | D        | Reached skill level 7 in Staves
   218 | D        | Reached XP level 5. HP: 47/47 MP: 5/5
   218 | D        | Reached XP level 6. HP: 53/53 MP: 6/6
   231 | D        | Reached skill level 8 in Staves
   250 | D        | Killed a gargoyle
   250 | D        | Reached skill level 9 in Staves
   250 | D        | Reached skill level 10 in Shields
   250 | D        | Reached XP level 7. HP: 47/62 MP: 3/7
   256 | D        | Killed a hippogriff
   256 | D        | Reached ** piety under Okawaru
   256 | D        | Reached skill level 10 in Staves
   256 | D        | Reached skill level 1 in Invocations
   256 | D        | Reached XP level 8. HP: 44/69 MP: 3/8
   345 | D        | Noticed a manticore
   357 | D        | Killed a manticore
   357 | D        | Reached skill level 11 in Staves
   567 | D        | Got the +12 war axe "Rotoel" {speed, *Rage rC+++ Int+3 Dex-3}
   581 | D        | Noticed a komodo dragon
   581 | D        | Noticed a black mamba
   581 | D        | Noticed a seven-headed hydra
   581 | D        | Noticed a komodo dragon
   589 | D        | Reached XP level 9. HP: 74/76 MP: 10/10
   599 | D        | Killed a komodo dragon
   599 | D        | Reached skill level 12 in Staves
   599 | D        | Reached skill level 5 in Dodging
   609 | D        | Killed a seven-headed hydra
   609 | D        | Reached *** piety under Okawaru
   609 | D        | Reached **** piety under Okawaru
   609 | D        | Reached skill level 1 in Axes
   609 | D        | Reached skill level 1 in Stealth
   617 | D        | Reached skill level 10 in Fighting
   617 | D        | Reached skill level 13 in Staves
   629 | D        | Killed a black mamba
   629 | D        | Reached XP level 10. HP: 31/85 MP: 10/12
   636 | D        | Killed a komodo dragon
   642 | D        | Noticed a spiny frog
   649 | D        | Killed a spiny frog
   909 | D        | Noticed a spiny frog
   916 | D        | Noticed a spiny frog
   918 | D        | Reached ***** piety under Okawaru
   923 | D        | Killed a spiny frog
   923 | D        | Reached skill level 14 in Staves
   938 | D        | Killed a spiny frog
   970 | D        | Received a gift from Okawaru
  1000 | D        | Reached XP level 11. HP: 93/93 MP: 14/14
  1007 | D        | Got a transparent ring mail {god gift}
  1047 | D        | Identified the +2 ring mail of the Game of Kings {Slay+4} (Okawaru gifted it to you in the Dungeon)
  1091 | D        | Noticed Eustachio
  1102 | D        | Killed Eustachio
  1107 | D        | Noticed Urug
  1132 | D        | Killed Urug
  1250 | D        | Reached skill level 15 in Staves
  1430 | D        | Noticed an orc sorcerer
  1430 | D        | Noticed an orc knight
  1443 | D        | Killed an orc knight
  1443 | D        | Reached skill level 10 in Armour
  1443 | D        | Reached skill level 5 in Invocations
  1458 | D        | Killed an orc sorcerer
  1700 | D        | Found Wadetaus's Assorted Antiques.
  1700 | D        | Noticed an orc knight
  1700 | D        | Noticed an orc knight
  1700 | D        | Noticed an orc knight
  1700 | D        | Noticed an orc knight
  1702 | D        | Noticed an orc knight
  1709 | D        | Killed an orc knight
  1712 | D        | Found Joex's Assorted Antiques.
  1712 | D        | Noticed an orc knight
  1718 | D        | Killed an orc knight
  1752 | D        | Demolished by an orc knight

Vault maps used:
D:        linesprint

Skill      XL: |  1  2  3  4  5  6  7  8  9 10 11 |
---------------+----------------------------------+-----
Shields        | 5 8 10 11 12 13 14 | 14.9
Fighting       | 4 5 6 8 9 10 11 12 | 12.8
Staves         | 3 4 7 9 10 11 13 14 15 | 15.7
Armour         | 4 6 7 8 9 10 | 10.1
Dodging        | 2 3 4 6 8 9 |  9.1
Invocations    | 1 2 3 4 6 |  6.4
Axes           | 1 2 |  2.4
Stealth        | 1 2 3 |  3.9
Evocations     | |  0.7

Action                   |  1- 3 |  4- 6 |  7- 9 | 10-12 || total
-------------------------+-------+-------+-------+-------++-------
Melee: Quarterstaff      |    29 |    50 |    59 |   202 ||   340
       War axe           |       |       |    17 |       ||    17
Invok: Heroism           |       |     2 |     2 |     7 ||    11
       Finesse           |       |       |       |     2 ||     2
Evoke: Wand              |       |       |       |     3 ||     3
  Use: Potion            |       |     1 |     2 |     3 ||     6
       Scroll            |       |       |     1 |       ||     1
  Eat: Meat ration       |       |       |       |     1 ||     1
       Bread ration      |       |       |       |     1 ||     1
       Chunk             |       |       |       |     1 ||     1
Armor: Scale mail        |    13 |     5 |       |       ||    18
       Ring mail         |       |     1 |    12 |    21 ||    34
Dodge: Dodged            |     7 |    10 |    29 |    44 ||    90
Block: Shield            |    15 |    18 |    33 |    59 ||   125
